 Dungeon Crawl Stone Soup version 0.30.0-15-g856e2d3f33 (webtiles) character file.

Game seed: 12021134167307027968

178 Jackthecabe the Nimble (level 5, -1/37 HPs)
             Began as a Gnoll Wanderer on May 18, 2023.
             Was an Initiate of Yredelemnul.
             Slain by a black bear (5 damage)
             ... on level 4 of the Dungeon.
             The game lasted 00:06:01 (2657 turns).

Jackthecabe the Nimble (Gnoll Wanderer)             Turns: 2657, Time: 00:06:02

Health: -1/37      AC:  5    Str:  9    XL:     5   Next: 58%
Magic:  9/9        EV: 16    Int: 12    God:    Yredelemnul [......]
Gold:   164        SH:  0    Dex: 15    Spells: 9/10 levels left

rFire   . . .        b - +4 short sword (speed)
rCold   . . .        (no shield)
rNeg    . . .        e - +0 leather armour
rPois   .            (no helmet)
rElec   .            j - +0 cloak
rCorr   .            t - +0 pair of gloves
SInv    +            (no boots)
Will    .....        (no amulet)
Stlth   ++           v - ring of see invisible
HPRegen 0.26/turn    (no ring)
MPRegen 0.11/turn

%: no passive effects
@: no status effects
A: fangs 1, strong nose, distributed training
a: Renounce Religion, Recall Undead Harvest


You were on level 4 of the Dungeon.
You worshipped Yredelemnul.
Yredelemnul was noncommittal.
You visited 1 branch of the dungeon, and saw 4 of its levels.

You collected 164 gold pieces.


Innate Abilities, Weirdness & Mutations

You have very sharp teeth.
Your uncanny sense of smell can sniff out nearby items.
Your experience applies equally to all skills.


   Skills:
 + Level 1.6 Fighting
 + Level 1.6 Short Blades
 + Level 1.6 Long Blades
 + Level 1.6 Axes
 + Level 1.6 Maces & Flails
 + Level 1.6 Polearms
 + Level 1.6 Staves
 + Level 1.6 Ranged Weapons
 + Level 1.6 Throwing
 + Level 1.6 Armour
 + Level 10.5 Dodging
 + Level 1.6 Stealth
 + Level 1.6 Shields
 + Level 1.6 Unarmed Combat
 + Level 3.2 Spellcasting
 + Level 1.3 Conjurations
 + Level 1.3 Hexes
 + Level 1.3 Summonings
 + Level 1.3 Necromancy
 + Level 1.3 Translocations
 + Level 1.3 Transmutations
 + Level 1.3 Fire Magic
 + Level 4.0 Ice Magic
 + Level 1.3 Air Magic
 + Level 1.3 Earth Magic
 + Level 1.3 Poison Magic
 + Level 1.8 Invocations
 + Level 4.8 Evocations


You had 9 spell levels left.
You knew the following spells:

 Your Spells              Type           Power      Damage    Failure   Level
f - Freeze                Ice            44%        1d6       6%          1

Your spell library contained the following spells:

 Spells                   Type           Power      Damage    Failure   Level
 Kiss of Death            Conj/Necr      20%        2d7       19%         1
 Frozen Ramparts          Ice            22%        1d4       19%         3
 Lesser Beckoning         Tloc           10%        N/A       28%         2
 Confusing Touch          Hex            5%         N/A       50%         3
 Gell's Gravitas          Tloc           5%         N/A       50%         3
 Teleport Other           Tloc           5%         N/A       50%         3
 Dispel Undead            Necr           5%         3d7       88%         4

Inventory:

Hand Weapons
 a - a +2 sling of freezing
 b - a +4 short sword of speed (weapon)
 h - a +0 dagger
Missiles
 m - 3 throwing nets {=f}
Armour
 e - a +0 leather armour (worn)
 j - a +0 cloak (worn)
 t - a +0 pair of gloves (worn)
Jewellery
 v - a ring of see invisible (left hand)
Wands
 c - a wand of flame (6)
Scrolls
 f - a scroll of torment {unknown}
 g - a scroll of vulnerability {unknown}
 k - 2 scrolls of identify {unknown}
 n - a scroll of enchant armour {unknown}
 o - a scroll of magic mapping {unknown}
 p - a scroll of enchant weapon {unknown}
 q - 3 scrolls of brand weapon {unknown}
 u - a scroll of fog {unknown}
Potions
 d - a potion of curing {@q1}
 i - a potion of magic {unknown}
 l - a potion of brilliance {unknown}
 r - a potion of experience {unknown}
 s - 2 potions of heal wounds {unknown}

Dungeon Overview and Level Annotations

Branches:
Dungeon (4/15)
 Temple: D:4-7

Altars:
Yredelemnul

#.......# #.# #.......# #.# .
#.......###.# ..########
#.......'Z..# #.......#
#.......###.# #
#.......######'#####...#.#
.#.......'......#####.....#
.........########......#####
#.######.##..@h..............
#...>.##.##.###!.#####.######
######.##.##......$......#
#......##.##...########..#
#.........##... #..#
#.....##......... ..#
#.........##.#... ..#
#.........##.# #.........##


You could see a black bear (berserk).


Message History

The black bear is caught in the net!
The black bear is severely wounded.
The black bear struggles against the net. x2
You hit the black bear.
The black bear is almost dead.
The black bear struggles against the net.
You hit the black bear.
The black bear is almost dead.
The black bear struggles against the net.
The net rips apart, and the black bear comes free!
You completely miss the black bear.
You bite the black bear, but do no damage.
The black bear is almost dead.
The black bear bites you.
* * * LOW HITPOINT WARNING * * *
The black bear misses you. The black bear claws you.
* * * LOW HITPOINT WARNING * * *
You hit the black bear. Your bite misses the black bear.
The black bear is almost dead.
You barely miss the black bear.
The black bear is almost dead.
The black bear bites you!
* * * LOW HITPOINT WARNING * * *
The black bear claws you but does no damage.
The black bear closely misses you.
You hit the black bear.
The black bear is almost dead.
The black bear bites you.
You die...
Your body rises from the dead as a mindless zombie.

Skill      XL: |  1  2  3  4  5 |
---------------+----------------+-----
Dodging        | | 10.5
Invocations    | 1 |  1.8
Fighting       | 1 |  1.6
Short Blades   | 1 |  1.6
Long Blades    | 1 |  1.6
Axes           | 1 |  1.6
Maces & Flails | 1 |  1.6
Polearms       | 1 |  1.6
Staves         | 1 |  1.6
Ranged Weapons | 1 |  1.6
Throwing       | 1 |  1.6
Armour         | 1 |  1.6
Stealth        | 1 |  1.6
Shields        | 1 |  1.6
Unarmed Combat | 1 |  1.6
Spellcasting   | 3 |  3.2
Conjurations   | 1 |  1.3
Hexes          | 1 |  1.3
Summonings     | 1 |  1.3
Necromancy     | 1 |  1.3
Translocations | 1 |  1.3
Transmutations | 1 |  1.3
Fire Magic     | 1 |  1.3
Air Magic      | 1 |  1.3
Earth Magic    | 1 |  1.3
Poison Magic   | 1 |  1.3
Ice Magic      | 4 |  4.0
Evocations     | |  4.8

Action                     |  1- 3 |  4- 6 || total
---------------------------+-------+-------++-------
  Melee: Dagger            |    66 |       ||    66
         Bite              |    10 |     7 ||    17
         Punch             |     1 |     1 ||     2
         Short sword       |    18 |    62 ||    80
   Fire: Sling             |    80 |    54 ||   134
  Throw: Throwing net      |       |     3 ||     3
   Stab: Held in net/web   |       |     2 ||     2
 Armour: Leather armour    |    15 |    10 ||    25
  Dodge: Dodged            |    85 |    37 ||   122

Levels and vault maps discovered:
D:1:      minmay_arrival_wavy_path, layout_basic, minmay_misc_feat_four_crosses,
          st_stairs_8
D:2:      layout_loops_cross, uniq_jessica
D:3:      layout_rooms, basic_ecumenical_altar, grunt_decor_arrowhead,
          uniq_terence
D:4:      layout_basic, xom_teletrap_fun, nicolae_ru_path_of_blood

Notes
Turn   | Place    | Note
-------+----------+-------------------------------------------
     0 | D:1      | Reached skill level 10 in Dodging
     0 | D:1      | Jackthecabe the Gnoll Wanderer began the quest for the Orb.
     0 | D:1      | Jackthecabe set off with the following items: a +0 dagger,
                  | 4 throwing nets {=f}, a wand of flame (6), a potion of
                  | curing {@q1}, a +0 leather armour; and the following spell
                  | memorised: Freeze; and the following spells available to
                  | memorise: Frozen Ramparts.
     0 | D:1      | Reached XP level 1. HP: 13/13 MP: 4/4
   290 | D:1      | Reached XP level 2. HP: 15/19 MP: 5/5
   488 | D:1      | Reached XP level 3. HP: 22/25 MP: 7/7
   708 | D:1      | Reached skill level 1 in Invocations
   709 | D:1      | You fall into a shaft and drop 1 floor!
  1221 | D:2      | Reached skill level 1 in Fighting
  1221 | D:2      | Reached skill level 1 in Short Blades
  1221 | D:2      | Reached skill level 1 in Long Blades
  1221 | D:2      | Reached skill level 1 in Axes
  1221 | D:2      | Reached skill level 1 in Maces & Flails
  1221 | D:2      | Reached skill level 1 in Polearms
  1221 | D:2      | Reached skill level 1 in Staves
  1221 | D:2      | Reached skill level 1 in Ranged Weapons
  1221 | D:2      | Reached skill level 1 in Throwing
  1221 | D:2      | Reached skill level 1 in Armour
  1221 | D:2      | Reached skill level 1 in Stealth
  1221 | D:2      | Reached skill level 1 in Shields
  1221 | D:2      | Reached skill level 1 in Unarmed Combat
  1297 | D:2      | Reached XP level 4. HP: 22/32 MP: 8/8
  1439 | D:2      | Noticed Jessica
  1451 | D:2      | Reached skill level 3 in Spellcasting
  1472 | D:2      | Killed Jessica
  1473 | D:2      | Reached skill level 1 in Conjurations
  1473 | D:2      | Reached skill level 1 in Hexes
  1473 | D:2      | Reached skill level 1 in Summonings
  1473 | D:2      | Reached skill level 1 in Necromancy
  1473 | D:2      | Reached skill level 1 in Translocations
  1473 | D:2      | Reached skill level 1 in Transmutations
  1473 | D:2      | Reached skill level 1 in Fire Magic
  1473 | D:2      | Reached skill level 1 in Air Magic
  1473 | D:2      | Reached skill level 1 in Earth Magic
  1473 | D:2      | Reached skill level 1 in Poison Magic
  1744 | D:2      | Reached XP level 5. HP: 35/37 MP: 9/9
  1940 | D:3      | Found a faded altar of an unknown god.
  1957 | D:3      | Prayed at the altar of an unknown god.
  1957 | D:3      | Became a worshipper of Yredelemnul the Dark
  1957 | D:3      | Reached * piety under Yredelemnul
  2173 | D:3      | Noticed Terence
  2201 | D:3      | Killed Terence
  2202 | D:3      | Reached skill level 4 in Ice Magic
  2634 | D:4      | Noticed a black bear
  2656 | D:4      | HP: 3/37 [black bear (8)]
  2657 | D:4      | Slain by a black bear

Vanquished Creatures
  Terence (D:3)
  Jessica (D:2)
  4 adders (D:2)
  A worm (D:2)
  A dart slug (D:1)
  8 bats
  3 endoplasms
  6 giant cockroaches
  8 goblins
  5 hobgoblins
  6 jackals
  7 kobolds
  4 quokkas
  4 ball pythons
  4 frilled lizards
  7 rats
70 creatures vanquished.

Vanquished Creatures (collateral kills)
  A goblin (D:3)
  A hobgoblin (D:3)
  2 jackals (D:3)
  A quokka (D:3)
  A frilled lizard (D:3)
  A rat (D:3)
7 creatures vanquished.

Vanquished Creatures (others)
  A hound zombie (D:3)
  An adder zombie (D:3)
  A bat zombie (D:3)
  A ball python zombie (D:3)
  A giant cockroach zombie (D:3)
  3 jackal zombies
8 creatures vanquished.

Grand Total: 85 creatures vanquished

Table legend: (Time is in decaauts)
 A = Elapsed time spent in this place.
 B = Non-inter-level travel time spent in this place.
 C = Inter-level travel time spent in this place.
 D = Time resting spent in this place.
 E = Time spent auto-exploring this place.
 F = Levels seen in this place.
 G = Mean time per level.
                   A        B        C        D        E       F      G
               +--------+--------+--------+--------+--------+-----+--------+
         Total |   2667 |   2565 |    102 |     97 |   1775 |   4 |  666.8 |
       Dungeon |   2667 |   2565 |    102 |     97 |   1775 |   4 |  666.8 |
               +--------+--------+--------+--------+--------+-----+--------+

Top non-repeatable levels by time:
     D:1: 1129 daAuts
     D:2: 822 daAuts
     D:3: 570 daAuts
     D:4: 144 daAuts

Table legend:
 A = Non-vault XP
 B = Vault XP
 C = Vault XP percentage of total XP
 D = Non-vault monster count
 E = Vault monster count
 F = Vault count percentage of total count
                 A         B        C        D         E       F
            +---------+---------+-------+---------+---------+-------
      Total |     178 |      77 |  30.2 |      74 |       3 |   3.9
            +---------+---------+-------+---------+---------+-------
        D:1 |      54 |       2 |   3.6 |      32 |       1 |   3.0
        D:2 |      81 |      37 |  31.4 |      19 |       1 |   5.0
        D:3 |      37 |      38 |  50.7 |      20 |       1 |   4.8
        D:4 |       6 |       0 |   0.0 |       3 |       0 |   0.0
            +---------+---------+-------+---------+---------+-------
